 Seeded DCSS version 0.29-a0-902-g0f71de6fce (webtiles) character file.

Game seed: 32220755 (custom seed)

697 purpskrrrp the Shooter (level 7, -1/57 HPs)
             Began as a Formicid Hunter on July 25, 2022.
             Was an Initiate of Gozag.
             Slain by Edmund
             ... wielding a +4 vorpal flail
              (15 damage)
             ... on level 4 of the Dungeon.
             The game lasted 00:13:33 (3777 turns).

purpskrrrp the Shooter (Formicid Hunter)            Turns: 3777, Time: 00:13:34

Health: -1/57      AC:  3    Str: 24    XL:     7   Next: 97%
Magic:  7/7        EV: 13    Int:  7    God:    Gozag
Gold:   232        SH:  0    Dex: 18    Spells: 6/6 levels left

rFire   . . .      SeeInvis +   k - +9 mace of Division {venom, rN+ Str+4}
rCold   . . .      Faith    .   (no shield)
rNeg    + + .      Spirit   .   c - +0 leather armour
rPois   .          Reflect  .   (helmet unavailable)
rElec   .          Harm     .   (no cloak)
rCorr   .          Rampage  .   (no gloves)
Will    +....                   (no boots)
Stlth   ++........              (no amulet)
HPRegen 0.19/turn               i - ring of positive energy
MPRegen 0.10/turn               (no ring)

@: gold aura
A: permanent stasis, dig shafts and tunnels, antennae 3, four strong arms,
strong-willed 1, robust 1, strong 1, no potion heal 1
a: Dig, Shaft Self, Renounce Religion, Potion Petition, Call Merchant, Bribe
Branch


You were on level 4 of the Dungeon.
You worshipped Gozag.
Gozag was aware of your devotion.
You visited 2 branches of the dungeon, and saw 5 of its levels.

You collected 321 gold pieces.
You paid 89 gold pieces to Gozag.

Inventory:

Hand Weapons
 a - a +0 shortbow
 k - the +9 mace of Division (weapon) {venom, rN+ Str+4}
   (You found it on level 2 of the Dungeon)

   It poisons the flesh of those it strikes.
   Str:       It affects your strength (+4).
   rN:        It protects you from negative energy.
Armour
 c - a +0 leather armour (worn)
Jewellery
 f - an amulet of faith
 i - a ring of positive energy (left hand)
Wands
 n - a wand of mindburst (12)
Scrolls
 b - a scroll of immolation
 g - 2 scrolls of fear {unknown}
 h - 2 scrolls of teleportation {unknown}
 l - a scroll of identify
 q - 2 scrolls of noise {unknown}
Potions
 d - 2 potions of mutation
 e - 2 potions of degeneration
 j - a potion of heal wounds {unknown}
 m - a potion of magic {unknown}
 o - a potion of might {unknown}
 r - a potion of cancellation {unknown}


   Skills:
 + Level 3.5 Fighting
 * Level 4.8 Maces & Flails
 + Level 5.3 Ranged Weapons
 + Level 3.2 Armour
 + Level 2.7 Dodging
 + Level 3.0 Stealth


You had 6 spell levels left.
You didn't know any spells.
Your spell library contained the following spells:

 Spells                   Type           Power      Damage    Failure   Level
 Apportation              Tloc           0%         N/A       47%         1
 Beastly Appendage        Tmut           0%         N/A       47%         1
 Necrotise                Necr           0%         1d4       47%         1
 Shock                    Conj/Air       0%         1d3       47%         1
 Summon Small Mammal      Summ           0%         N/A       47%         1
 Sublimation of Blood     Necr           0%         N/A       63%         2
 Wereblood                Tmut           0%         N/A       63%         2
 Spider Form              Tmut/Pois      0%         N/A       85%         3
 Airstrike                Air            0%         0-1+      99%         4
 Petrify                  Tmut/Erth      0%         N/A       99%         4
 Irradiate                Conj/Tmut      0%         3d11      100%        5
 Swiftness                Air            Unusable   N/A       N/A         3

Dungeon Overview and Level Annotations

Branches:
Dungeon (4/15)             Temple (1/1) D:4

Altars:
Fedhas
Gozag
Hepliaklqana
Kikubaaqudgha
Makhleb
Nemelex Xobeh
Okawaru
Qazlal
Ru
Sif Muna
Trog
Uskayaw
Vehumet
Wu Jian
Xom
Zin
The Shining One

Annotations:
D:4 Edmund
Temple 2 transporters


Innate Abilities, Weirdness & Mutations

You cannot be hasted, slowed, berserked, paralysed or teleported.
You can dig through walls and to a lower floor.
You have a pair of large antennae on your head. (SInv)
Your four strong arms can wield two-handed weapons with a shield.
You are strong-willed. (Will+)
You are robust. (+10% HP)
Your muscles are strong. (Str +4, Int/Dex -1)
Potions are less effective at restoring your health.


Message History

You add the spells Beastly Appendage, Wereblood and Spider Form to your library.
No target in view!
You now have 148 gold pieces (gained 6).
You now have 159 gold pieces (gained 11).
You now have 172 gold pieces (gained 13).
You now have 182 gold pieces (gained 10).
You now have 195 gold pieces (gained 13).
You now have 206 gold pieces (gained 11).
You now have 214 gold pieces (gained 8).
You now have 224 gold pieces (gained 10).
You now have 232 gold pieces (gained 8).
An endoplasm comes into view.
Found 10 gold pieces.
An endoplasm is nearby!
Edmund the Younger comes into view.
He is wielding a +4 vorpal flail.
You see here 6 gold pieces.
Edmund shouts!
The endoplasm hits you.
You sock the endoplasm!
You kill the endoplasm!
You barely miss Edmund. Edmund hits you with a +4 vorpal flail!
Edmund misses you.
You barely miss Edmund. Edmund hits you with a +4 vorpal flail!
You are too injured to fight recklessly!
You are too injured to fight recklessly!
You are too injured to fight recklessly!
You are too injured to fight recklessly!
You hit Edmund.
Edmund is poisoned.
Edmund is lightly wounded.
Edmund hits you with a +4 vorpal flail!
* * * LOW HITPOINT WARNING * * *
x2 It was a potion of mutation.
You feel extremely strange.
You feel stronger.
Your system partially rejects the healing effects of potions.
You feel strong-willed.
You feel robust. Edmund barely misses you.
Your system partially rejects the healing.
You feel better. Edmund hits you with a +4 vorpal flail!
You die...
Your body crumbles into a pile of gold.

.. #.#.##.....# # ..
#.#.##.....#.# ######### #
#.#.....#.##.####.......####
##
#.#######.........P...P.....
.. ...
...$.##.#####P...P##### ##
#...............P# .#
#.........#.PPPPP# .#
#...@.....######## .#
#....@.$..# .# #.........#
.# +.....$....# .#
##.........# .# #.........#
.# #.........# .#
######.#### .# #.. ###


You could see Edmund (very poisoned).

Vanquished Creatures
  Pikel (D:4)
  A jelly (D:4)
  An iguana (D:4)
  Natasha (D:4)
  3 gnolls (D:3)
  4 adders
  2 worms
  A dart slug (D:1)
  4 orcs (D:3)
  7 bats
  9 endoplasms
  A giant cockroach (D:1)
  5 goblins
  4 hobgoblins
  3 jackals (D:1)
  5 ball pythons
  4 frilled lizards
  10 kobolds
  6 rats
72 creatures vanquished.

Vanquished Creatures (others)
  A fungus (D:4)
  5 toadstools (D:4)
6 creatures vanquished.

Grand Total: 78 creatures vanquished

Notes
Turn   | Place    | Note
-------+----------+-------------------------------------------
     0 | D:1      | purpskrrrp the Formicid Hunter began the quest for the Orb.
     0 | D:1      | Reached XP level 1. HP: 16/16 MP: 1/1
   119 | D:1      | Reached XP level 2. HP: 21/23 MP: 2/2
   288 | D:1      | Found a faded altar of an unknown god.
   439 | D:1      | Reached XP level 3. HP: 28/28 MP: 3/3
  1209 | D:2      | Reached XP level 4. HP: 34/34 MP: 4/4
  1220 | D:2      | Reached skill level 5 in Ranged Weapons
  1331 | D:2      | Identified the +9 mace of Division {venom, rN+ Str+4}
  2003 | D:3      | Found a sparkling altar of Nemelex Xobeh.
  2018 | D:3      | Reached skill level 1 in Armour
  2023 | D:3      | Reached XP level 5. HP: 16/41 MP: 5/5
  2593 | D:3      | Reached skill level 1 in Maces & Flails
  2923 | D:4      | Found a staircase to the Ecumenical Temple.
  3052 | Temple   | Entered the Ecumenical Temple
  3052 | Temple   | Found a transporter.
  3052 | Temple   | Found a transporter.
  3054 | Temple   | Found a transporter.
  3054 | Temple   | Found a transporter.
  3073 | Temple   | Became a worshipper of Gozag Ym Sagoz the Greedy
  3130 | D:4      | Noticed Pikel
  3130 | D:4      | Noticed a lemure
  3130 | D:4      | Noticed a lemure
  3131 | D:4      | Noticed a lemure
  3131 | D:4      | Noticed a lemure
  3151 | D:4      | HP: 2/41 [Pikel/+1 whip of freezing (3)]
  3152 | D:4      | Killed Pikel
  3153 | D:4      | Reached XP level 6. HP: 3/47 MP: 6/6
  3153 | D:4      | Reached XP level 7. HP: 3/52 MP: 7/7
  3635 | D:4      | Noticed Natasha
  3645 | D:4      | Killed Natasha
  3768 | D:4      | Noticed Edmund
  3776 | D:4      | Gained mutation: Your muscles are strong. (Str +4, Int/Dex
                  | -1) [potion of mutation]
  3776 | D:4      | Gained mutation: Potions are less effective at restoring
                  | your health. [potion of mutation]
  3776 | D:4      | Gained mutation: You are strong-willed. (Will+) [potion of
                  | mutation]
  3776 | D:4      | Gained mutation: You are robust. (+10% HP) [potion of
                  | mutation]
  3777 | D:4      | Slain by Edmund

Illustrated notes

Levels and vault maps discovered:
D:1:      ncdulo_wetmaze, layout_basic, ebering_ecumenical_altar_sacrificial,
          hangedman_feature_mirror, minmay_misc_feat_ornament,
          hangedman_decor_slide_cut
D:2:      layout_basic, minmay_small_reverse_x
D:3:      layout_loops_corners, nemelex_xobeh_ov_fountains_minmay, st_stairs_11
D:4:      layout_basic, minmay_temple_entry_slanted, minmay_gold_behind_fungi,
          uniq_pikel, uniq_natasha, uniq_edmund
Temple:   hellmonk_temple_divided_pantheon

Skill      XL: |  1  2  3  4  5  6  7 |
---------------+----------------------+-----
Ranged Weapons | 5 |  5.3
Armour         | 1 3 |  3.2
Fighting       | 3 |  3.5
Maces & Flails | 4 |  4.8
Dodging        | 2 |  2.7
Stealth        | 2 3 |  3.0

Action                   |  1- 3 |  4- 6 |  7- 9 || total
-------------------------+-------+-------+-------++-------
Melee: Mace              |       |    67 |    16 ||    83
 Fire: Shortbow          |    87 |    11 |       ||    98
  Use: Scroll            |       |     5 |       ||     5
       Potion            |       |     4 |     2 ||     6
 Stab: Sleeping          |       |     5 |       ||     5
Armor: Leather armour    |     3 |    20 |     2 ||    25
Dodge: Dodged            |    11 |    54 |     9 ||    74

Table legend: (Time is in decaauts)
 A = Elapsed time spent in this place.
 B = Non-inter-level travel time spent in this place.
 C = Inter-level travel time spent in this place.
 D = Time resting spent in this place.
 E = Time spent auto-exploring this place.
 F = Levels seen in this place.
 G = Mean time per level.
                   A        B        C        D        E       F      G
               +--------+--------+--------+--------+--------+-----+--------+
         Total |   3843 |   3804 |     39 |    681 |   2478 |   5 |  768.6 |
       Dungeon |   3804 |   3765 |     39 |    681 |   2472 |   4 |  951.0 |
        Temple |     38 |     38 |      0 |      0 |      6 |   1 |   38.0 |
               +--------+--------+--------+--------+--------+-----+--------+

Top non-repeatable levels by time:
     D:3: 1244 daAuts
     D:1: 961 daAuts
     D:4: 919 daAuts
     D:2: 679 daAuts
  Temple: 38 daAuts
